 Dungeon Crawl Stone Soup version 0.17-a0-1105-gbe8b664 (webtiles) character file.

6026 onwiheg the Basher (level 10, 0/97 HPs)
             Began as a Gargoyle Berserker on May 21, 2015.
             Was a High Priest of Trog.
             Incinerated by a mottled dragon (2 damage)
             ... with a sticky flame
             ... on level 10 of the Dungeon.
             The game lasted 00:31:28 (7245 turns).

onwiheg the Basher (Gargoyle Berserker)             Turns: 7245, Time: 00:31:28

Health: 0/97       AC: 17    Str: 29    XL:     10   Next: 86%
Magic:  19/19      EV:  7    Int: 10    God:    Trog [*****.]
Gold:   461        SH: 13    Dex:  9    Spells: 0 memorised, 9 levels left

rFire  . . .     SeeInvis .     w - +11 mace "Lutropt" {speed, rElec Int+2}
rCold  . . .     Clarity  .     T - +2 animal skin
rNeg   + . .     SustAb   .     M - +0 large shield
rPois  ∞         Gourm    .     (no helmet)
rElec  +         Spirit   .     u - +2 cloak
rCorr  .         Warding  .     x - +2 pair of gloves
rMut   .         Stasis   .     (no boots)
MR     +....                    (no amulet)
Stlth  ..........               I - ring of magical power
                                k - ring of protection from magic

@: berserking, liquid flames, glowing, very quick, somewhat resistant to hostile
enchantments, extremely unstealthy
A: negative energy resistance 1, electricity resistance, unbreathing,
petrification resistance, rot immunity, AC +7
a: Burn Spellbooks, Berserk, Trog's Hand, Brothers in Arms, Renounce Religion


You were on level 10 of the Dungeon.
You worshipped Trog.
Trog was extremely pleased with you.
You were very hungry.

You visited 1 branch of the dungeon, and saw 10 of its levels.

You collected 461 gold pieces.

Inventory:

Hand weapons
 a - a +0 mace
 b - a cursed +1 morningstar
 r - a +2 dire flail
 w - the +11 mace "Lutropt" (weapon) {speed, rElec Int+2}
   (You found it on level 4 of the Dungeon)

   Attacks with this weapon are significantly faster.
   It affects your intelligence (+2).
   It insulates you from electricity.
Missiles
 f - 4 javelins (quivered)
 l - 28 poisoned needles
 v - 6 javelins of penetration
Armour
 u - a +2 cloak (worn)
 x - a +2 pair of gloves (worn)
 C - a +0 chain mail
 D - a +2 ring mail of magic resistance
 M - a +0 large shield (worn)
 T - a +2 animal skin (worn)
 V - a +0 plate armour
Jewellery
 k - a ring of protection from magic (left hand)
 p - an uncursed ring of invisibility
 I - a ring of magical power (right hand)
Magical devices
 s - a wand of lightning (0)
 L - a wand of magic darts (29)
 N - a wand of magic darts (17)
 S - a wand of frost (18)
 U - a wand of fireball (2)
 W - a wand of polymorph (14)
 X - a wand of teleportation (6)
Scrolls
 d - a scroll of teleportation
 h - 7 scrolls of remove curse
 i - 6 scrolls of fog
 j - a scroll of magic mapping {unknown}
 y - a scroll of fear {unknown}
 z - a scroll of enchant armour
 A - 2 scrolls of immolation
 H - a scroll of recharging {unknown}
 Q - 2 scrolls of amnesia {unknown}
 R - a scroll of brand weapon {unknown}
Potions
 e - 2 potions of agility
 g - 7 potions of curing
 m - a potion of heal wounds {unknown}
 n - 2 potions of haste
 o - a potion of resistance {unknown}
 q - a potion of mutation {unknown}
 B - a potion of ambrosia {unknown}
 G - 2 potions of might
 O - a potion of flight
Books
 E - a book of Annihilations {highlevel, unknown}

   This book is beyond your current level of understanding.

   Spells                             Type                      Level
   a - Poison Arrow                   Conjuration/Poison           6
   b - Chain Lightning                Conjuration/Air              8
   c - Lehudib's Crystal Spear        Conjuration/Earth            8
   d - Glaciate                       Conjuration/Ice              9
   e - Fire Storm                     Conjuration/Fire             9
   Trog disapproves of the use of such an item.
 K - a book of Burglary

   Spells                             Type                      Level
   a - Swiftness                      Charms/Air                   2
   b - Passwall                       Transmutation/Earth          3
   c - Passage of Golubria            Translocation                4
   d - Lee's Rapid Deconstruction     Earth                        5
   e - Invisibility                   Hexes                        6
   f - Darkness                       Hexes                        7
   Trog disapproves of the use of such an item.
Comestibles
 c - 9 bread rations
 t - 7 meat rations
 F - 3 fruits
 J - 3 slices of pizza


   Skills:
 + Level 8.5 Fighting
 - Level 14.0 Maces & Flails
 - Level 2.1 Armour
 - Level 1.5 Dodging


You had 9 spell levels left.
You didn't know any spells.

Dungeon Overview and Level Annotations

Branches:
Dungeon (10/15)            Temple (0/1) D:4            Lair (0/8) D:8
    Orc: D:9-12

Altars:
Ashenzari
Cheibriados
Elyvilon
Fedhas
Gozag
Nemelex Xobeh
Trog
Zin
The Shining One


Innate Abilities, Weirdness & Mutations

You are resistant to torment.
Your stone body is resilient (AC +7).
You are immune to poison.
You resist negative energy.
You are resistant to electric shocks.
You can survive without breathing.
You are immune to petrification.
You are immune to rotting.


Message History

The orc warrior returns to its original shape as it dies.
You are covered in liquid flames!
* * * LOW HITPOINT WARNING * * *
You are covered in liquid flames!
* * * LOW HITPOINT WARNING * * *
The orc hits you with a short sword.
* * * LOW HITPOINT WARNING * * *
You block the orc's attack.
You see here an orc corpse.
You bludgeon the orc!!
You feel the power of Trog in you as your rage grows.
You kill the orc!
Trog accepts your kill.
You are covered in liquid flames!
* * * LOW HITPOINT WARNING * * *
You sock the orc!
You kill the orc!
Trog accepts your kill.
You are covered in liquid flames!
You die...

.?. #.. .#
#.# .# #.#
###.# #9#
##.#.# #.#
######....#
#.#
##....(....#
#.#
............#
#@##
###.#####.###
#o)# # #.#
##)# #(# #.#
#.# #.# #(#
#.# #.#
#.##### #.#
####...$.##
#o#
#...........


You could see a gargoyle and an orc.

Vanquished Creatures
  A troll (D:9)
  A two-headed ogre (D:9)
  A deep elf mage (D:10)
  A wyvern (D:10)
  9 yaks (D:10)
  2 wolves (D:8)
  A hippogriff (D:7)
  Grum (D:8)
  A mottled dragon (D:10)
  Duvessa (D:7)
  2 necrophages
  A wasp (D:9)
  A sky beast (D:6)
  2 centaurs
  2 ice beasts
  4 ogres
  An orc warrior (D:9)
  A phantom (D:6)
  3 giant frogs
  Dowan (D:7)
  A scorpion (D:4)
  6 killer bees (D:10)
  A water moccasin skeleton (D:9)
  An electric eel (D:6)
  9 wights
  A giant frog zombie (D:5)
  2 orc wizards
  A crimson imp (D:7)
  A jelly (D:4)
  5 orc priests
  A giant frog skeleton (D:5)
  3 hounds
  An iguana (D:9)
  A centaur skeleton (D:7)
  6 worker ants
  A hound skeleton (D:4)
  2 hound zombies
  A gnoll (D:1)
  14 adders
  A shadow imp (D:8)
  2 oozes
  2 adder zombies
  4 worms
  4 giant geckos
  29 orcs
  22 bats
  A bat zombie (D:6)
  4 giant cockroaches
  12 goblins
  12 hobgoblins
  15 jackals
  10 kobolds
  3 quokkas
  A ball python (D:1)
  A giant gecko skeleton (D:4)
  3 giant newts
  A jackal skeleton (D:6)
  26 rats
  3 fungi (D:6)
251 creatures vanquished.

Vanquished Creatures (others)
  An orc priest (D:10)
  2 orcs (D:10)
3 creatures vanquished.

Grand Total: 254 creatures vanquished

Notes
Turn   | Place    | Note
--------------------------------------------------------------
     0 | D:1      | onwiheg the Gargoyle Berserker began the quest for the Orb.
     0 | D:1      | Reached XP level 1. HP: 14/14 MP: 1/1
    41 | D:1      | Reached XP level 2. HP: 6/19 MP: 2/2
   339 | D:1      | Reached skill level 4 in Maces & Flails
   396 | D:1      | Reached XP level 3. HP: 15/23 MP: 3/3
   484 | D:1      | Acquired Trog's second power
  1004 | D:2      | Found a glowing golden altar of the Shining One.
  1153 | D:2      | Reached XP level 4. HP: 20/28 MP: 4/4
  1240 | D:2      | Reached skill level 5 in Maces & Flails
  1715 | D:3      | Found a glowing silver altar of Zin.
  1828 | D:3      | Found a bloodstained altar of Trog.
  1976 | D:3      | You fall through a shaft for 2 floors!
  1976 | D:5      | Entered Level 5 of the Dungeon
  1976 | D:5      | Noticed a centaur
  1986 | D:5      | Killed a centaur
  1986 | D:5      | Reached skill level 6 in Maces & Flails
  1986 | D:5      | Reached XP level 5. HP: 32/32 MP: 5/5
  2022 | D:4      | Received a gift from Trog
  2050 | D:4      | Reached XP level 6. HP: 28/37 MP: 6/6
  2106 | D:4      | Found a snail-covered altar of Cheibriados.
  2136 | D:4      | Reached skill level 7 in Maces & Flails
  2139 | D:4      | Got a pitted mace
  2140 | D:4      | Identified the +11 mace "Lutropt" {speed, rElec Int+2} (You found it on level 4 of the Dungeon)
  2272 | D:4      | Reached XP level 7. HP: 21/41 MP: 7/7
  2277 | D:4      | Reached skill level 8 in Maces & Flails
  2823 | D:4      | Found a staircase to the Ecumenical Temple.
  3336 | D:5      | Noticed an ice beast
  3343 | D:5      | Killed an ice beast
  3343 | D:5      | Reached skill level 9 in Maces & Flails
  3402 | D:5      | Acquired Trog's third power
  3438 | D:5      | Found an opulent altar of Gozag.
  3571 | D:5      | Noticed an ogre
  3581 | D:5      | Killed an ogre
  3581 | D:5      | Reached XP level 8. HP: 46/46 MP: 8/8
  4038 | D:6      | Reached skill level 10 in Maces & Flails
  4535 | D:6      | Reached skill level 11 in Maces & Flails
  5134 | D:7      | Reached XP level 9. HP: 51/51 MP: 9/9
  5285 | D:7      | Noticed Duvessa
  5287 | D:7      | Noticed Dowan
  5293 | D:7      | Killed Duvessa
  5293 | D:7      | Reached skill level 12 in Maces & Flails
  5296 | D:7      | Killed Dowan
  5796 | D:8      | Found a white marble altar of Elyvilon.
  5845 | D:8      | Found a staircase to the Lair.
  5882 | D:8      | Found a sparkling altar of Nemelex Xobeh.
  5999 | D:8      | Found a blossoming altar of Fedhas.
  6000 | D:8      | Noticed Grum
  6014 | D:8      | Killed Grum
  6360 | D:9      | Reached skill level 13 in Maces & Flails
  6388 | D:9      | Found a shattered altar of Ashenzari.
  6499 | D:9      | Reached XP level 10. HP: 38/56 MP: 10/10
  6860 | D:9      | Reached skill level 14 in Maces & Flails
  7139 | D:10     | Entered Level 10 of the Dungeon
  7157 | D:10     | Reached skill level 5 in Fighting
  7200 | D:10     | Received a gift from Trog
  7243 | D:10     | HP: 4/97 [burnt (3)]
  7244 | D:10     | HP: 1/97 [burnt (1)]
  7245 | D:10     | Incinerated by a mottled dragon

Vault maps used:
D:1:      erik_arrival_orb_chamber
D:2:      tso_metal_star, first_bread
D:3:      bloody_trog, lemuel_crystal_altar, grunt_decor_one_mirror
D:4:      cheibriados_altar_1, minmay_temple_entry_poolview
D:5:      minmay_misc_feat_pillars, nicolae_gozag_seed_capital
D:6:      grunt_ministairs_8, water_boxes_lemuel
D:7:      uniq_duvessa
D:8:      overflow_temple_1_default, fedhas_altar_1, lemuel_doored_altar,
          lair_0_dummy, serial_glass, glass_columns_a, glass_columns_a,
          glass_columns_a, glass_columns_c, uniq_grum
D:9:      basic_altar
D:10:     uniq_josephine

Action                   |  1- 3 |  4- 6 |  7- 9 | 10-12 || total
-------------------------+-------+-------+-------+-------++-------
Melee: Mace              |   146 |   138 |   286 |   123 ||   693
Throw: Javelin           |       |       |     9 |     8 ||    17
Invok: Berserk           |       |     2 |     3 |     2 ||     7
Evoke: Wand              |       |       |       |     7 ||     7
  Use: Scroll            |       |       |    12 |     1 ||    13
       Potion            |       |       |     2 |       ||     2
  Eat: Chunk             |     1 |     6 |    15 |     3 ||    25
       Fruit             |       |       |       |     1 ||     1
